 Dungeon Crawl Stone Soup version 0.30-a0-439-g9e77e4d916 (webtiles) character file.

Game seed: 17758840934184826996

140 McMuffin the Chopper (level 5, -1/41 HPs)
             Began as a Demonspawn Fighter on Dec 10, 2022.
             Succumbed to a scorpion's poison
             ... on level 4 of the Dungeon.
             The game lasted 00:09:37 (1731 turns).

McMuffin the Chopper (Demonspawn Fighter)           Turns: 1731, Time: 00:09:38

Health: -1/41      AC:  9    Str: 18    XL:     5   Next: 2%
Magic:  5/5        EV:  6    Int:  9    God:
Gold:   116        SH:  4    Dex: 13    Spells: 4/4 levels left

rFire   . . .      SeeInvis .    a - +0 war axe
rCold   . . .      Faith    .    c - +0 buckler
rNeg    . . .      Spirit   .    e - +0 chain mail
rPois   .          Reflect  .    (helmet restricted)
rElec   .          Harm     .    (no cloak)
rCorr   .          Rampage  .    (no gloves)
Will    .....                    (no boots)
Stlth   ..........               (no amulet)
HPRegen 0.26/turn                (no ring)
MPRegen 0.18/turn                (no ring)

@: mighty, lethally poisoned (-1 -> -23)
A: antennae 1, powered by pain 2, magic regeneration
a: no special abilities


You were on level 4 of the Dungeon.
You visited 1 branch of the dungeon, and saw 4 of its levels.

You collected 116 gold pieces.

Inventory:

Hand Weapons
 a - a +0 war axe (weapon)
 r - the +1 mace "Forgh" {vamp, +Blink Str-2 Dex+3 Stlth+}
   (You found it on level 2 of the Dungeon)

   It occasionally heals its wielder for a portion of the damage dealt when it
   wounds a living foe.
   Str:       It affects your strength (-2).
   Dex:       It affects your dexterity (+3).
   +Blink:    It lets you blink.
   Stlth:     It makes you more stealthy.
Missiles
 o - 2 atropa-tipped darts (quivered)
Armour
 b - a +0 scale mail
 c - a +0 buckler (worn)
 e - a +0 chain mail (worn)
Scrolls
 g - 6 scrolls of identify {unknown}
 i - a scroll of noise {unknown}
 j - a scroll of enchant weapon {unknown}
 n - a scroll of immolation {unknown}
 p - a scroll of teleportation {unknown}
 s - a scroll of enchant armour {unknown}
 t - a scroll of fear {unknown}
Potions
 d - 2 potions of might
 f - a potion of cancellation {unknown}
 h - a potion of haste {unknown}
 k - a potion of mutation {unknown}
 l - a potion of invisibility {unknown}
 m - a potion of heal wounds {unknown}
 q - a potion of ambrosia {unknown}
 u - a potion of magic {unknown}
 v - a potion of flight {unknown}


   Skills:
 + Level 3.4 Fighting
 + Level 3.7 Axes
 + Level 3.3 Armour
 + Level 0.4 Dodging
 + Level 3.0 Shields


You had 4 spell levels left.
You didn't know any spells.
Your spell library was empty.

Dungeon Overview and Level Annotations

Branches:
Dungeon (4/15)
 Temple: D:4-7

Altars:
Cheibriados
Nemelex Xobeh
Yredelemnul

Shops:
D:1 !   D:3 [


Innate Abilities, Weirdness & Mutations

You have a pair of small antennae on your head.
You sometimes gain power by taking damage.
You regenerate magic rapidly.


Message History

The scorpion is moderately wounded.
You hit the scorpion.
The scorpion stings you but does no damage.
The scorpion stings you.
You are poisoned.
The scorpion poisons you!
The scorpion stings you but does no damage. x2
You hit the scorpion but do no damage.
The scorpion is moderately wounded.
You hit the scorpion.
You feel very sick.
The scorpion stings you but does no damage.
The scorpion stings you.
You are more poisoned.
The scorpion poisons you!
You slash the scorpion!
The scorpion is almost dead.
You hit the scorpion but do no damage.
You feel very sick. The scorpion stings you.
You are more poisoned.
The scorpion poisons you!
The scorpion stings you but does no damage.
The scorpion stings you. x2
* * * LOW HITPOINT WARNING * * *
You are more poisoned.
The scorpion poisons you!
You barely miss the scorpion.
The scorpion is almost dead.
You hit the scorpion.
* * * LOW HITPOINT WARNING * * *
You focus on the pain.
You feel very mighty all of a sudden.
You feel extremely sick.
The scorpion stings you but does no damage.
You block the scorpion's attack.
You hit the scorpion.
You kill the scorpion!
You closely miss the scorpion.
You die...

...#######
#.....<.#
#######.#
##.######.[
#...s......
#..@.......
#..........
+..........
#..........
#..........
##+#+####..
.


You could see a scorpion.

Vanquished Creatures
  A scorpion (D:4)
  Terence (D:2)
  3 adders (D:2)
  2 adder zombies (D:2)
  2 worms
  3 dart slugs
  4 orcs
  11 bats
  A bat zombie (D:2)
  2 endoplasms
  5 giant cockroaches
  2 goblins (D:2)
  3 hobgoblins
  3 jackals (D:2)
  A quokka (D:1)
  6 ball pythons
  3 frilled lizards
  6 kobolds
  A quokka skeleton (D:2)
  A quokka zombie (D:2)
  4 rats
65 creatures vanquished.

Vanquished Creatures (others)
  2 withered plants (D:2)
2 creatures vanquished.

Grand Total: 67 creatures vanquished

Notes
Turn   | Place    | Note
-------+----------+-------------------------------------------
     0 | D:1      | McMuffin the Demonspawn Fighter began the quest for the
                  | Orb.
     0 | D:1      | Reached XP level 1. HP: 18/18 MP: 1/1
   188 | D:1      | Gained mutation: You regenerate magic rapidly. [demonic
                  | ancestry]
   188 | D:1      | Reached XP level 2. HP: 17/24 MP: 2/2
   450 | D:1      | Found Gietuf's Distillery.
   555 | D:2      | Gained mutation: You sometimes gain a little power by
                  | taking damage. [demonic ancestry]
   555 | D:2      | Reached XP level 3. HP: 29/29 MP: 3/3
   574 | D:2      | Noticed Terence
   587 | D:2      | Killed Terence
   617 | D:2      | Gained mutation: You sometimes gain power by taking damage.
                  | [demonic ancestry]
   617 | D:2      | Reached XP level 4. HP: 19/35 MP: 4/4
   725 | D:2      | Identified the +1 mace "Forgh" {vamp, +Blink Str-2 Dex+3
                  | Stlth+}
  1152 | D:3      | Found Otziocove's Armour Shoppe.
  1191 | D:3      | Found a sparkling altar of Nemelex Xobeh.
  1191 | D:3      | Found a snail-covered altar of Cheibriados.
  1296 | D:3      | Found a basalt altar of Yredelemnul.
  1298 | D:3      | Noticed a profane servitor
  1409 | D:3      | Noticed an angel
  1642 | D:3      | Gained mutation: You have a pair of small antennae on your
                  | head. [demonic ancestry]
  1642 | D:3      | Reached XP level 5. HP: 36/41 MP: 5/5
  1731 | D:4      | Succumbed to a scorpion's poison

Illustrated notes

Levels and vault maps discovered:
D:1:      dpeg_arrival_tiny_a, layout_rooms, serial_shops, nicolae_shop_stone
D:2:      layout_loops_ring, serial_undead, serial_undead_b, serial_undead_f,
          serial_undead_e, serial_undead_d, mrwooster_statue_mirror,
          chequers_serial_rivers_small_3, uniq_terence
D:3:      layout_rooms, grunt_temple_overflow_holy_war,
          mainiacjoe_overflow_large_starburst, serial_shops,
          nicolae_shop_crystal
D:4:      layout_basic, grunt_qazlal_clouds, doesnt_xom_only_xom,
          minmay_stone_trees_large, columned_hall_lemuel

Skill      XL: |  1  2  3  4 |
---------------+-------------+-----
Axes           | 2 3 |  3.7
Armour         | 3 |  3.3
Shields        | 3 |  3.0
Fighting       | |  3.4
Dodging        | |  0.4

Action                   |  1- 3 |  4- 6 || total
-------------------------+-------+-------++-------
Melee: War axe           |    94 |   108 ||   202
Armor: Chain mail        |    59 |    95 ||   154
Dodge: Dodged            |    38 |    61 ||    99
Block: Buckler           |    33 |    42 ||    75

Table legend: (Time is in decaauts)
 A = Elapsed time spent in this place.
 B = Non-inter-level travel time spent in this place.
 C = Inter-level travel time spent in this place.
 D = Time resting spent in this place.
 E = Time spent auto-exploring this place.
 F = Levels seen in this place.
 G = Mean time per level.
                   A        B        C        D        E       F      G
               +--------+--------+--------+--------+--------+-----+--------+
         Total |   1812 |   1812 |      0 |    100 |      0 |   4 |  453.0 |
       Dungeon |   1812 |   1812 |      0 |    100 |      0 |   4 |  453.0 |
               +--------+--------+--------+--------+--------+-----+--------+

Top non-repeatable levels by time:
     D:2: 645 daAuts
     D:3: 614 daAuts
     D:1: 537 daAuts
     D:4: 14 daAuts
